 Dungeon Crawl Stone Soup version 0.17-a0-1763-g847a857 (webtiles) character file.

22918 Ladykiller69 the Cleaver (level 13, -3/101 HPs)
             Began as a Formicid Fighter on Sept 4, 2015.
             Was the Champion of Cheibriados.
             Slain by Snorg (12 damage)
             ... on level 4 of the Lair of Beasts.
             The game lasted 00:56:37 (13677 turns).

Ladykiller69 the Cleaver (Formicid Fighter)        Turns: 13677, Time: 00:56:37

Health: -3/101     AC: 20    Str: 44    XL:     13   Next: 31%
Magic:  19/19      EV:  9    Int: 25    God:    Cheibriados [******]
Gold:   960        SH: 15    Dex: 25    Spells: 1 memorised, 9 levels left

rFire  x . .     SeeInvis +     l - +4 executioner's axe (flame)
rCold  + . .     Clarity  .     H - +0 plate armour
rNeg   . . .     SustAt   .     c - +0 shield
rPois  .         Gourm    .     (helmet unavailable)
rElec  .         Spirit   .     B - +1 cloak
rCorr  .         Warding  .     S - +2 pair of gloves
rMut   .         Stasis   +     (no boots)
MR     +....                    (no amulet)
Stlth  ..........               I - ring of wizardry
                                a - ring of ice

@: mighty, very slow, somewhat resistant to hostile enchantments, extremely
unstealthy
A: permanent stasis, dig shafts and tunnels, four strong arms, antennae 3
a: Dig, Shaft Self, Bend Time, Temporal Distortion, Slouch, Step From Time,
Renounce Religion


You were on level 4 of the Lair of Beasts.
You worshipped Cheibriados.
Cheibriados was exalted by your worship.
You were hungry.

You visited 2 branches of the dungeon, and saw 17 of its levels.
You also visited: Sewer.

You collected 960 gold pieces.

Inventory:

Hand weapons
 l - a +4 executioner's axe of flaming (weapon)
Missiles
 h - 9 tomahawks (quivered)
 n - 2 throwing nets
 A - 14 javelins
Armour
 c - a +0 shield (worn)
 B - a +1 cloak (worn)
 H - a +0 plate armour (worn)
 S - a +2 pair of gloves (worn)
Rods
 g - a +0 rod of shadows (14/14)
   (You found it on level 7 of the Dungeon)
Jewellery
 a - a ring of ice (left hand)
 m - an uncursed ring of fire
 I - a ring of wizardry (right hand)
Magical devices
 x - a wand of flame (14)
Scrolls
 k - 3 scrolls of holy word
 o - 9 scrolls of identify
 p - 4 scrolls of fog
 q - 2 scrolls of enchant armour
 t - 2 scrolls of noise
 u - 3 scrolls of enchant weapon
 v - a scroll of immolation
 w - 4 scrolls of fear
 y - 11 scrolls of remove curse
 E - 3 scrolls of amnesia
 O - a scroll of magic mapping
 Q - 2 scrolls of recharging
Potions
 b - 2 potions of curing
 d - 5 potions of might
 f - 4 potions of invisibility
 i - a potion of agility {unknown}
 j - 2 potions of flight {unknown}
 r - 4 potions of poison {unknown}
 z - 4 potions of degeneration {unknown}
 C - 2 potions of haste {unknown}
 D - a potion of brilliance {unknown}
 F - a potion of mutation {unknown}
 G - a potion of magic {unknown}
 J - 2 potions of resistance {unknown}
 R - a potion of heal wounds {unknown}
Books
 L - a book of Transfigurations

   Spells                             Type                      Level
   a - Stoneskin                      Transmutation/Earth          2
   b - Irradiate                      Conjuration/Transmutation    5
   c - Statue Form                    Transmutation/Earth          6
   d - Hydra Form                     Transmutation                6
   e - Dragon Form                    Transmutation                7
 P - a book of Necromancy

   Spells                             Type                      Level
   a - Pain                           Necromancy                   1
   b - Animate Skeleton               Necromancy                   1
   c - Vampiric Draining              Necromancy                   3
   d - Regeneration                   Charms/Necromancy            3
   e - Animate Dead                   Necromancy                   4
   f - Control Undead                 Necromancy                   4
Miscellaneous
 M - a stone of tremors
Comestibles
 e - 10 bread rations
 s - 22 fruits
 N - a meat ration
 T - a beef jerky


   Skills:
 + Level 9.3 Fighting
 * Level 14.4 Axes
 + Level 10.0 Armour
 - Level 9.0 Shields
 + Level 9.3 Invocations


You had 9 spell levels left.
You knew the following spells:

 Your Spells              Type           Power        Failure   Level  Hunger
a - Regeneration          Chrm/Necr      #.........   77%         3    ####...


Dungeon Overview and Level Annotations

Branches:
Dungeon (11/15)            Temple (0/1) D:5            Lair (6/8) D:9
  Snake (0/4) Lair:3        Slime (0/6) Lair:6          Orc (0/4) D:9
  Swamp: Lair:3-6    Shoals: Lair:3-6

Altars:
Cheibriados
Dithmenos
Elyvilon
Gozag
Trog
Xom
Zin
Jiyva

Shops:
D:8 *   D:9 *:

Annotations:
Lair:1 exclusions: 6 plants and 14 more exclusions
Lair:4 Snorg


Innate Abilities, Weirdness & Mutations

You are under a permanent stasis effect.
You can dig through walls and to a lower floor.
Your four strong arms can wield two-handed weapons with a shield.
You have a pair of large antennae on your head (SInv).


Message History

Snorg is moderately wounded.
Snorg bites you! You block Snorg's attack. Snorg claws you but does no damage.
You block Snorg's attack. Snorg claws you but does no damage. Snorg claws you.
You hit Snorg. You burn Snorg.
Snorg is moderately wounded.
You block Snorg's attack. Snorg claws you! Snorg claws you!
Snorg barely misses you. You block Snorg's attack. Snorg claws you.
Drink which item? (? for menu, Esc to quit)
You feel very mighty all of a sudden. Snorg bites you! Snorg claws you!
Snorg claws you but does no damage.
You open Snorg like a pillowcase!!! You burn Snorg!
Snorg is severely wounded.
Snorg barely misses you. Snorg claws you!
* * * LOW HITPOINT WARNING * * *
Snorg claws you.
* * * LOW HITPOINT WARNING * * *
Snorg bites you!
* * * LOW HITPOINT WARNING * * *
Snorg barely misses you. Snorg claws you!
You die...

♣♣♣♣#..# ...
#P♣≈≈...P###### #...
♣P≈≈....###..P###P...
♣≈≈≈P................
≈≈≈P≈................
#P♣≈P.................
# ♣♣♣...#.#.#..##.....
##...#####..#.....
#.#.##...T@.......
##...#............
##........##....#
.#......# ....#
..#...... .... .
#.....# .?. ##..###
... ...


You could see Snorg (berserk).

Vanquished Creatures
  A hydra (Lair:6)
  A centaur warrior (D:10)
  A tengu warrior (D:10)
  A death yak (D:9)
  Urug (Lair:2)
  The ghost of emiel the Cleaver, an experienced HuBe of Trog (D:10)
  2 unseen horrors (D:10)
  2 hill giants (D:10)
  6 black mambas
  Joseph (D:9)
  The ghost of Ajdolov the Skirmisher, an experienced DsWn (D:6)
  5 spiny frogs
  2 komodo dragons
  2 fire drakes
  3 trolls
  8 blink frogs
  A basilisk (Lair:1)
  A hungry ghost (D:7)
  6 yaks
  3 hippogriffs
  Grum (D:7)
  A wraith (D:10)
  3 wolves (D:8)
  A soldier ant (D:10)
  3 porcupines (Lair:1)
  9 water moccasins
  2 orc warriors
  2 phantoms
  3 sky beasts
  11 crocodiles
  3 centaurs (D:9)
  7 big kobolds
  Blork the orc (D:6)
  An ogre (D:4)
  9 giant frogs
  A water moccasin skeleton (D:7)
  A scorpion (D:8)
  16 wights
  7 killer bees (D:9)
  6 crimson imps
  4 hounds
  A giant frog zombie (D:9)
  2 centaur skeletons
  2 jellies
  Crazy Yiuf (D:7)
  4 orc priests
  6 iguanas
  Natasha (D:3)
  7 orc wizards
  A hell rat (D:9)
  30 sheep
  10 worker ants
  A worker ant zombie (D:8)
  4 gnolls
  20 river rats
  4 shadow imps
  14 adders
  7 oozes
  An adder skeleton (D:6)
  5 worms
  8 giant geckos
  60 orcs
  7 ball pythons
  4 goblins
  9 hobgoblins
  18 jackals
  11 bats
  6 giant cockroaches
  2 giant newts
  35 kobolds
  5 quokkas
  A quokka zombie (D:8)
  14 rats
  2 fungi (Lair:3)
  4 plants
448 creatures vanquished.

Vanquished Creatures (others)
  A fungus (Lair:1)
  6 plants (D:9)
7 creatures vanquished.

Grand Total: 455 creatures vanquished

Notes
Turn   | Place    | Note
--------------------------------------------------------------
     0 | D:1      | Ladykiller69 the Formicid Fighter began the quest for the Orb.
     0 | D:1      | Reached XP level 1. HP: 18/18 MP: 1/1
   154 | D:1      | Reached XP level 2. HP: 24/24 MP: 2/2
   321 | D:1      | Reached XP level 3. HP: 24/29 MP: 3/3
   805 | D:2      | Reached skill level 4 in Shields
  1026 | D:2      | Reached XP level 4. HP: 24/36 MP: 4/4
  1317 | D:2      | Reached XP level 5. HP: 35/42 MP: 5/5
  1442 | D:2      | Found a snail-covered altar of Cheibriados.
  1447 | D:2      | Became a worshipper of Cheibriados the Contemplative
  1758 | D:3      | Noticed a sky beast
  1948 | D:2      | Killed a sky beast
  1948 | D:2      | Reached XP level 6. HP: 48/48 MP: 6/6
  2022 | D:3      | Acquired Cheibriados's first power
  2314 | D:3      | Reached skill level 5 in Shields
  2466 | D:3      | Noticed Natasha
  2476 | D:3      | Killed Natasha
  2499 | D:3      | Found a glowing silver altar of Zin.
  2739 | D:4      | Reached skill level 5 in Axes
  2739 | D:4      | Reached XP level 7. HP: 31/54 MP: 7/7
  3027 | D:4      | Found a white marble altar of Elyvilon.
  3027 | D:4      | Found a shadowy altar of Dithmenos.
  3432 | D:4      | Reached skill level 6 in Axes
  3677 | D:5      | Entered Level 5 of the Dungeon
  3884 | D:5      | Acquired Cheibriados's second power
  3909 | D:5      | Reached XP level 8. HP: 60/60 MP: 8/8
  4082 | D:5      | Found a staircase to the Ecumenical Temple.
  4556 | D:5      | Reached skill level 7 in Axes
  4914 | D:6      | Found a glowing drain.
  4924 | D:6      | Acquired Cheibriados's third power
  4937 | Sewer    | Entered a sewer
  5284 | Sewer    | Reached skill level 8 in Axes
  5353 | Sewer    | Acquired Cheibriados's fourth power
  5477 | D:6      | Noticed Blork the orc
  5485 | D:6      | You fall through a shaft for 2 floors!
  5485 | D:8      | Found an opulent altar of Gozag.
  5498 | D:8      | Reached XP level 9. HP: 21/65 MP: 9/9
  5778 | D:8      | Noticed Grum
  5794 | D:7      | Killed Grum
  5794 | D:7      | Reached skill level 9 in Axes
  6082 | D:7      | Noticed Crazy Yiuf
  6086 | D:7      | Killed Crazy Yiuf
  6380 | D:6      | Found a shimmering altar of Xom.
  6419 | D:6      | Killed Blork the orc
  6459 | D:6      | Noticed Ajdolov's ghost (experienced DsWn)
  6473 | D:6      | Killed Ajdolov's ghost
  6473 | D:6      | Reached skill level 10 in Axes
  6927 | D:6      | Reached skill level 1 in Invocations
  6964 | D:7      | Reached XP level 10. HP: 63/73 MP: 9/11
  7262 | D:7      | Reached skill level 5 in Armour
  7576 | D:8      | Reached skill level 5 in Fighting
  7618 | D:8      | Found Gozag's Platinum Reserve.
  7954 | D:9      | Noticed a death yak
  7959 | D:9      | Reached skill level 11 in Axes
  8265 | D:9      | Found a bloodstained altar of Trog.
  8270 | D:9      | Found a staircase to the Orcish Mines.
  8413 | D:9      | Killed a death yak
  8702 | D:9      | Reached XP level 11. HP: 81/81 MP: 14/14
  8731 | D:9      | Found a staircase to the Lair.
  8743 | Lair:1   | Entered Level 1 of the Lair of Beasts
  8923 | D:9      | Found Kuuwkis's Assorted Antiques.
  9201 | D:9      | Found Otuorun's Book Boutique.
  9342 | D:9      | Noticed Joseph
  9354 | D:9      | Killed Joseph
  9354 | D:9      | Reached skill level 12 in Axes
  9354 | D:9      | Reached skill level 5 in Invocations
  9609 | D:10     | Entered Level 10 of the Dungeon
  9653 | D:10     | Identified a +0 rod of shadows (14/14) (You found it on level 7 of the Dungeon)
  9660 | D:10     | Identified a scroll of acquirement
  9711 | D:10     | Noticed a hill giant
  9716 | D:10     | Killed a hill giant
  9848 | D:10     | Noticed a tengu warrior
  9852 | D:10     | Killed a tengu warrior
 10007 | D:10     | Noticed an unseen horror
 10016 | D:10     | Killed an unseen horror
 10054 | D:10     | Noticed emiel's ghost (experienced HuBe)
 10062 | D:10     | Killed emiel's ghost
 10183 | D:10     | Noticed an unseen horror
 10191 | D:10     | Killed an unseen horror
 10216 | D:10     | Noticed a centaur warrior
 10220 | D:10     | Killed a centaur warrior
 10220 | D:10     | Reached XP level 12. HP: 84/91 MP: 15/17
 10440 | D:10     | Learned a level 3 spell: Regeneration
 10472 | D:10     | Reached skill level 13 in Axes
 12241 | Lair:2   | Noticed Urug
 12250 | Lair:2   | Killed Urug
 12886 | Lair:3   | Reached skill level 14 in Axes
 12887 | Lair:3   | Reached XP level 13. HP: 95/99 MP: 19/19
 12948 | Lair:3   | Found a staircase to the Snake Pit.
 13381 | Lair:3   | You fall through a shaft for 3 floors!
 13427 | Lair:6   | Found a viscous altar of Jiyva.
 13428 | Lair:6   | Found a staircase to the Slime Pits.
 13439 | Lair:6   | Reached skill level 10 in Armour
 13670 | Lair:4   | Noticed Snorg
 13677 | Lair:4   | Slain by Snorg

Vault maps used:
D:1:      minmay_arrival_stair_chambers, serial_park_tiny_1, minmay_door_square
D:2:      overflow_temple_1_default
D:3:      zin_statuary, first_bread, uniq_natasha
D:4:      gammafunk_temple_overflow_elements, kennysheep_generic_room_4
D:5:      minmay_temple_entry_large_hall
D:6:      lemuel_round_altar, portal_sewer_entry_f, uniq_blork_the_orc
D:7:      uniq_crazy_yiuf_cottage
D:8:      nicolae_gozag_zags_fifth_avenue, uniq_grum
D:9:      kennysheep_kobold_camp, lemuel_crystal_altar, dpeg_lair_monsters,
          orc_david_3, serial_shops, kennysheep_little_box, kennysheep_mini,
          uniq_joseph
D:10:     minivault_19, grunt_tengu_nest
D:11:     basic_altar, lemuel_mausoleum_altar_kikubaaqudgha
Lair:1:   forest_paths, serial_bayou_shore_a
Lair:2:   uniq_urug
Lair:3:   minmay_snake_entry_six_corridors
Lair:4:   nicolae_swamp_entry_splash_gauntlet, nicolae_volcano_entry_vermiform,
          infiniplex_staircase_pool, serial_bayou_shore_b, serial_bayou_shore_b,
          grunt_megastairs_2, lemuel_fruit_fields, uniq_snorg
Lair:6:   gammafunk_lair_enchanted_lake, slime_altar_1,
          minmay_stone_trees_small, pf_torpor_hydra
Sewer:    sewer_co_tree

Action                   |  1- 3 |  4- 6 |  7- 9 | 10-12 | 13-15 || total
-------------------------+-------+-------+-------+-------+-------++-------
Melee: War axe           |   109 |   191 |   413 |   333 |       ||  1046
       Executioner's axe |       |       |       |   235 |    62 ||   297
 Abil: Dig               |     3 |     6 |    16 |     7 |       ||    32
       Shaft Self        |       |       |     1 |       |       ||     1
  Use: Scroll            |       |       |     2 |    14 |     1 ||    17
       Potion            |       |       |       |       |     1 ||     1
 Stab: Distracted        |       |     1 |       |       |       ||     1
  Eat: Chunk             |       |     7 |     9 |    12 |     2 ||    30
       Pizza             |       |       |       |     1 |       ||     1
